 Dungeon Crawl Stone Soup version 0.29.1-15-g9cfb28693d (webtiles) character file.

Game seed: 2209292019452329100

15601 protoss039 the Fighter (level 12, 92/92 HPs)
             Began as a Demonspawn Earth Elementalist on Mar 19, 2023.
             Was a Priest of Vehumet.
             Got out of the dungeon alive.
             The game lasted 00:29:21 (12444 turns).

protoss039 the Fighter (DsEE)                      Turns: 12444, Time: 00:29:22

Health: 92/92      AC: 12    Str: 11    XL:     12   Next: 2%
Magic:  31/31      EV: 14    Int: 26    God:    Vehumet [***...]
Gold:   424        SH:  9    Dex: 13    Spells: 10/24 levels left

rFire   . . .      SeeInvis .   d - +2 dagger (venom)
rCold   . . .      Faith    .   K - +0 buckler
rNeg    . . .      Spirit   .   w - +0 acid dragon scales
rPois   .          Reflect  +   M - +2 hat
rElec   .          Harm     .   F - +0 cloak {Will+}
rCorr   +          Rampage  .   (no gloves)
Will    +....                   N - +0 pair of boots
Stlth   ++........              t - amulet of reflection
HPRegen 0.25/turn               f - ring of magical power
MPRegen 0.22/turn               e - +6 ring of intelligence

@: studying Fighting
A: antennae 1, foul stench 1, powered by death 2, sturdy frame 2
a: Renounce Religion


You escaped.
You worshipped Vehumet.
Vehumet was most pleased with you.
You visited 2 branches of the dungeon, and saw 13 of its levels.

You collected 574 gold pieces.
You spent 150 gold pieces at shops.

Inventory:

Hand Weapons
 d - a +2 dagger of venom (weapon)
 B - a +0 short sword of flaming
 D - a +2 dagger of freezing
Missiles
 x - 23 poisoned darts
 C - 5 throwing nets
 R - a curare-tipped dart
Armour
 i - the +5 leather armour of Kiebrue {Dex+4}
   (You took it off an orc on level 10 of the Dungeon)

   Dex:       It affects your dexterity (+4).
 w - +0 acid dragon scales (worn)
 F - a +0 cloak of willpower (worn)
 K - a +0 buckler (worn)
 M - a +2 hat (worn)
 N - a +0 pair of boots (worn)
Jewellery
 e - a +6 ring of intelligence (right hand)
 f - a ring of magical power (left hand)
 k - an amulet of magic regeneration
 l - a ring of flight
 t - an amulet of reflection (around neck)
 G - a ring of wizardry
 H - a ring of protection from cold
 I - a +4 ring of protection
Wands
 v - a wand of roots (4)
 y - a wand of digging (8)
 A - a wand of mindburst (15)
 J - a wand of paralysis (2)
 Q - a wand of flame (6)
Scrolls
 c - a scroll of identify
 g - 2 scrolls of poison
 h - 3 scrolls of immolation
 m - a scroll of fear
 o - a scroll of brand weapon
 p - 2 scrolls of amnesia
 q - 6 scrolls of teleportation
 r - 4 scrolls of butterflies
 u - 3 scrolls of magic mapping
 L - a scroll of blinking {unknown}
 P - a scroll of summoning {unknown}
 S - a scroll of enchant weapon {unknown}
Potions
 a - a potion of ambrosia
 b - a potion of magic
 j - 2 potions of resistance
 n - 4 potions of haste
 s - 2 potions of lignification
 z - a potion of brilliance {unknown}
 E - a potion of heal wounds
 O - 2 potions of mutation {unknown}


   Skills:
 + Level 8.1 Fighting
 + Level 7.1 Armour
 - Level 6.0 Dodging
 - Level 3.0 Stealth
 - Level 3.0 Shields
 + Level 6.9 Spellcasting
 + Level 6.7 Conjurations
 - Level 3.0 Transmutations
 - Level 3.0 Fire Magic
 - Level 3.0 Air Magic
 + Level 7.2 Earth Magic
 + Level 4.5 Poison Magic
 - Level 3.0 Evocations


You had 10 spell levels left.
You knew the following spells:

 Your Spells              Type           Power      Damage    Failure   Level
a - Sandblast             Erth           92%        2d19      1%          1
b - Passwall              Tmut/Erth      29%        N/A       1%          2
c - Stone Arrow           Conj/Erth      90%        3d12      1%          3
d - Static Discharge      Conj/Air       34%        3-8/arc   1%          2
f - Ignite Poison         Fire/Tmut/Pois 27%        N/A       1%          3
g - Mephitic Cloud        Conj/Pois/Air  33%        N/A       1%          3

Your spell library contained the following spells:

 Spells                   Type           Power      Damage    Failure   Level
 Poisonous Vapours        Pois/Air       56%        N/A       1%          2
 Conjure Flame            Conj/Fire      34%        6-21      1%          3
 Sticky Flame             Conj/Fire      34%        2d5       3%          4
 Apportation              Tloc           18%        N/A       9%          1
 Necrotise                Necr           36%        1d5       9%          1
 Summon Small Mammal      Summ           36%        N/A       9%          1
 Petrify                  Tmut/Erth      35%        N/A       10%         4
 Freezing Cloud           Conj/Ice/Air   12%        6-21      16%         5


Dungeon Overview and Level Annotations

Branches:
Dungeon (12/15) Zot: 26776  Temple (1/1) D:7 Zot: 5957    Lair (0/5) D:10
    Orc: D:9-12

Altars:
Ashenzari
Cheibriados
Dithmenos
Fedhas
Gozag
Hepliaklqana
Kikubaaqudgha
Makhleb
Nemelex Xobeh
Okawaru
Qazlal
Ru
Sif Muna
Trog
Uskayaw
Vehumet
Wu Jian
Xom
Yredelemnul

Shops:
D:1 =   D:9 (   D:10 (:=*

Annotations:
D:4 1 runed translucent door, pirx's ghost, amateur DjCj
D:9 2 transporters, Pegasus's ghost, novice FeAE


Innate Abilities, Weirdness & Mutations

You have a pair of small antennae on your head.
You may rarely emit foul miasma when damaged in melee.
You regenerate health from kills.
Your movements are less encumbered by armour. (ER -4)


Message History

a +0 ring mail; a +1 war axe of freezing
Things that are here:
a +0 flail; a +0 flail
There is a stone staircase leading up here.
You climb upwards.
There is a stone staircase leading down here.
There is a stone staircase leading up here.
You climb upwards.
There is a stone staircase leading down here.
Magic restored.
There is a stone staircase leading up here.
You climb upwards.
There is a stone staircase leading down here.
You see here a +0 leather armour.
There is a stone staircase leading up here.
You climb upwards.
There is a stone staircase leading down here.
There is a stone staircase leading up here.
You climb upwards.
Level annotation: 1 runed translucent door, pirx's ghost, amateur DjCj
There is a stone staircase leading down here.
There is an open door here.
There is a stone staircase leading up here.
You climb upwards.
There is a stone staircase leading down here.
You see here a +0 club.
Things that are here:
a +0 chain mail; a +0 dagger
There is a stone staircase leading up here.
You climb upwards.
There is a stone staircase leading down here.
Things that are here:
a +0 leather armour; a +1 dagger of venom You see here a +0 leather armour.
There is a stone staircase leading up here.
You climb upwards.
There is a stone staircase leading down here.
There is a staircase leading out of the dungeon here.
Are you sure you want to leave the Dungeon?
This will make you lose the game!
You have escaped!

......##.###............##.#
....).##.##.....#........#.#
...............###.......#.#
)........)....#####......#.#
.....#.).....#....)#.....#.#
###.........###...###......#
#..........#####.#####.....##
..##......#...........#.....##
.###.....###....@....###.....#
.###....#####.......#####....#
..##...#.....#.....#.....#...#
#.##..###...###...###...###..#
#....#####.#####.#####.#####.#
###.......)..................#
##.#.......####...........###
##..#.......# ##(.........#
##.##.......#####..........#


There were no monsters in sight!

Vanquished Creatures
  Gastronok (D:8)
  A boulder beetle (D:8)
  A two-headed ogre (D:10)
  2 orc knights
  2 manticores
  A cyclops (D:11)
  An unseen horror (D:11)
  A troll (D:7)
  Grinder (D:5)
  A slime creature (D:10)
  2 hornets
  2 shadows
  3 wraiths
  16 yaks
  A vampire (D:7)
  Eustachio (D:5)
  A basilisk (D:10)
  2 wyverns (D:10)
  A vampire mosquito (D:10)
  A steam dragon (D:10)
  Menkaure (D:6)
  Duvessa (D:5)
  2 acid dragons (D:11)
  6 water moccasins
  8 orc warriors
  3 black bears
  2 ice beasts
  2 ogres
  4 centaurs
  4 wolves (D:10)
  7 phantoms
  2 kobold brigands (D:10)
  A bullfrog (shapeshifter) (D:10)
  2 gnoll sergeants
  6 necrophages
  6 scorpions
  Dowan (D:5)
  A wight (D:10)
  7 howler monkeys
  A bullfrog zombie (D:5)
  A bullfrog skeleton (D:5)
  2 hounds
  A gnoll bouda (D:8)
  10 orc priests
  A centaur skeleton (D:5)
  2 jellies
  Ijyb (D:5)
  Crazy Yiuf (D:6)
  3 iguanas (D:6)
  8 orc wizards
  2 hound zombies (D:5)
  A hound skeleton (D:5)
  6 adders
  8 gnolls
  A shadow imp (D:7)
  2 white imps
  2 worms
  3 dart slugs
  28 orcs
  3 endoplasms
  4 giant cockroaches
  3 hobgoblins
  13 jackals
  3 quokkas
  3 training dummies (D:9)
  7 ball pythons
  7 bats
  2 frilled lizards
  7 goblins
  3 kobolds
  6 rats
253 creatures vanquished.

Vanquished Creatures (others)
  A fungus (D:10)
  19 plants
  A withered plant (D:5)
21 creatures vanquished.

Grand Total: 274 creatures vanquished

Notes
Turn   | Place    | Note
-------+----------+-------------------------------------------
     0 | D:1      | protoss039 the Demonspawn Earth Elementalist began the
                  | quest for the Orb.
     0 | D:1      | Reached XP level 1. HP: 13/13 MP: 3/3
    36 | D:1      | Found Lompuw's Jewellery Emporium.
   268 | D:1      | Gained mutation: Your movements are slightly less
                  | encumbered by armour. (ER -2) [demonic ancestry]
   268 | D:1      | Reached XP level 2. HP: 19/20 MP: 5/5
   338 | D:1      | Reached skill level 1 in Fighting
   993 | D:1      | Learned a level 2 spell: Passwall
  1069 | D:1      | Gained mutation: Your movements are less encumbered by
                  | armour. (ER -4) [demonic ancestry]
  1069 | D:1      | Reached XP level 3. HP: 26/26 MP: 6/6
  1688 | D:2      | Identified the +11 rapier of Qykam {holy, Int+3}
  2152 | D:2      | Learned a level 3 spell: Stone Arrow
  2207 | D:2      | HP: 2/40 [poisoned by an orc]
  2609 | D:3      | Reached skill level 2 in Fighting
  2609 | D:3      | Reached XP level 4. HP: 30/33 MP: 8/8
  2678 | D:3      | Found a snail-covered altar of Cheibriados.
  2853 | D:3      | Found a faded altar of an unknown god.
  2881 | D:3      | Reached skill level 1 in Armour
  3001 | D:3      | Noticed a scorpion
  3010 | D:3      | Killed a scorpion
  3011 | D:3      | Reached skill level 1 in Conjurations
  3011 | D:3      | Reached XP level 5. HP: 38/38 MP: 9/9
  3285 | D:3      | Found an ornate altar of the Wu Jian Council.
  3604 | D:4      | Found a sacrificial altar of Ru.
  3611 | D:4      | Reached XP level 6. HP: 46/46 MP: 10/10
  3891 | D:4      | Found a runed translucent door.
  3902 | D:4      | Noticed pirx's ghost (amateur DjCj)
  4244 | D:4      | Found an opulent altar of Gozag.
  4244 | D:4      | Found a basalt altar of Yredelemnul.
  4252 | D:4      | Found an iron altar of Okawaru.
  4254 | D:4      | Found a blossoming altar of Fedhas.
  4256 | D:4      | Found a bloodstained altar of Trog.
  4347 | D:5      | Entered Level 5 of the Dungeon
  4401 | D:5      | Noticed Duvessa
  4402 | D:5      | Noticed Dowan
  4407 | D:5      | Killed Duvessa
  4408 | D:5      | Reached skill level 3 in Fighting
  4408 | D:5      | Killed Dowan
  4408 | D:5      | Noticed an ice beast
  4409 | D:5      | Gained mutation: You regenerate a little health from kills.
                  | [demonic ancestry]
  4409 | D:5      | Reached XP level 7. HP: 52/52 MP: 12/12
  4510 | D:5      | Noticed Eustachio
  4516 | D:5      | Killed Eustachio
  4517 | D:5      | Reached XP level 8. HP: 60/60 MP: 11/14
  4582 | D:5      | Reached skill level 4 in Fighting
  4631 | D:5      | Found a shadowy altar of Dithmenos.
  4761 | D:5      | Reached skill level 5 in Armour
  4775 | D:5      | Noticed Grinder
  4777 | D:5      | Noticed Ijyb
  4781 | D:5      | Killed Ijyb
  4786 | D:5      | Killed Grinder
  4787 | D:5      | Reached skill level 5 in Earth Magic
  5177 | D:6      | Noticed Menkaure
  5193 | D:6      | Killed Menkaure
  5195 | D:6      | Reached XP level 9. HP: 67/67 MP: 14/16
  5305 | D:6      | Found a shimmering blue altar of Sif Muna.
  5328 | D:6      | Reached skill level 5 in Spellcasting
  5397 | D:6      | Reached skill level 5 in Fighting
  5972 | D:6      | Reached skill level 5 in Conjurations
  6037 | D:6      | Found a runed translucent door.
  6038 | D:6      | Noticed Crazy Yiuf
  6267 | D:6      | Killed Crazy Yiuf
  6286 | D:6      | Learned a level 3 spell: Mephitic Cloud
  6290 | D:6      | Learned a level 3 spell: Ignite Poison
  6515 | D:7      | Reached skill level 1 in Transmutations
  6534 | D:7      | Reached skill level 1 in Air Magic
  6534 | D:7      | Reached skill level 1 in Poison Magic
  6543 | D:7      | Reached skill level 1 in Fire Magic
  6721 | D:7      | Reached skill level 1 in Evocations
  6956 | D:7      | Found a staircase to the Ecumenical Temple.
  6969 | D:7      | Gained mutation: You have a pair of small antennae on your
                  | head. [demonic ancestry]
  6969 | D:7      | Reached XP level 10. HP: 74/76 MP: 14/18
  6981 | Temple   | Entered the Ecumenical Temple
  7014 | Temple   | Became a worshipper of Vehumet
  7165 | D:7      | HP: 3/76 [something (4)]
  7896 | D:8      | Noticed a manticore
  7954 | D:8      | Noticed a boulder beetle
  7964 | D:8      | Noticed Gastronok
  7966 | D:8      | Killed a boulder beetle
  7968 | D:8      | Reached skill level 6 in Fighting
  8197 | D:8      | Killed a manticore
  8198 | D:8      | Reached skill level 1 in Shields
  8198 | D:8      | Reached * piety under Vehumet
  8198 | D:8      | Offered knowledge of Foxfire by Vehumet.
  8365 | D:8      | Killed Gastronok
  8702 | D:9      | Found a transporter.
  8704 | D:9      | Noticed a cyclops
  8704 | D:9      | Noticed Pegasus's ghost (novice FeAE)
  8705 | D:9      | Noticed a deep elf pyromancer
  8734 | D:9      | Found Baduenag's Firing Range.
  8839 | D:9      | Gained mutation: You regenerate health from kills. [demonic
                  | ancestry]
  8839 | D:9      | Reached XP level 11. HP: 42/83 MP: 20/20
  9137 | D:9      | Noticed a four-headed hydra
  9181 | D:9      | Found a transporter.
  9781 | D:10     | Entered Level 10 of the Dungeon
  9788 | D:10     | Identified the +5 leather armour of Kiebrue {Dex+4}
  9956 | D:10     | Found Bevyic's Jewellery Shoppe.
  9956 | D:10     | Found Pafuh's Weapon Shoppe.
  9956 | D:10     | Found Muezxury's General Store.
 10028 | D:10     | Found Ubboh's Book Shoppe.
 10034 | D:10     | Bought a potion of heal wounds for 75 gold pieces
 10034 | D:10     | Bought a scroll of teleportation for 45 gold pieces
 10034 | D:10     | Bought a scroll of identify for 30 gold pieces
 10054 | D:10     | Noticed a two-headed ogre
 10057 | D:10     | Found a stormy altar of Qazlal.
 10062 | D:10     | Killed a two-headed ogre
 10063 | D:10     | Reached skill level 7 in Fighting
 10128 | D:10     | Reached ** piety under Vehumet
 10143 | D:10     | Offered knowledge of Static Discharge by Vehumet.
 10162 | D:10     | Learned a level 2 spell: Static Discharge
 10240 | D:10     | Found a sparkling altar of Nemelex Xobeh.
 10590 | D:10     | Found a staircase to the Lair.
 10675 | D:10     | Noticed a fire crab
 10682 | D:10     | Noticed an orc knight
 10694 | D:10     | Reached skill level 5 in Dodging
 10945 | D:10     | Noticed a death drake
 11146 | D:10     | Noticed a fire crab
 11291 | D:10     | Killed an orc knight
 11291 | D:10     | Offered knowledge of Poisonous Vapours by Vehumet.
 11860 | D:11     | Reached skill level 8 in Fighting
 12226 | D:12     | Noticed an orc knight
 12230 | D:12     | Reached *** piety under Vehumet
 12231 | D:12     | Killed an orc knight
 12232 | D:12     | Gained mutation: You may rarely emit foul miasma when
                  | damaged in melee. [demonic ancestry]
 12232 | D:12     | Reached XP level 12. HP: 77/92 MP: 19/22
 12444 | D:$      | Got out of the dungeon alive.

Illustrated notes

Levels and vault maps discovered:
D:1:      onia_arrival_pyramid, layout_rooms, serial_shops, shop,
          hangedman_decor_slide_cut
D:2:      layout_rooms
D:3:      layout_basic, mainiacjoe_overflow_surrounded_room,
          nicolae_wu_jian_wuxing_cycle, shapermc_ecumenical_altar_starsandcircs,
          serial_bayou, serial_bayou_ford_a, serial_bayou_pond_d,
          serial_bayou_pond_d, serial_bayou_shore_b, small_statue_alley_b
D:4:      layout_gridville, chequers_temple_overflow_minitemple,
          nicolae_ru_great_annihilating_truth, gammafunk_ghost_grave,
          minmay_box_of_dots
D:5:      layout_rooms, nicolae_overflow_hidden_temple, serial_undead,
          serial_undead_b, serial_undead_b, serial_undead_f, serial_undead_c,
          minmay_misc_feat_diagonals, minmay_tree_intersection, uniq_ijyb,
          uniq_grinder, uniq_duvessa, uniq_eustachio
D:6:      layout_basic, nicolae_sif_muna_condensation, uniq_menkaure,
          uniq_crazy_yiuf_cottage
D:7:      layout_basic, minmay_temple_entry_statues_pillars,
          dreamdust_mushroom_princess, minmay_manual_mullet
D:8:      layout_cave_pools, uniq_gastronok
D:9:      layout_rooms, gammafunk_ghost_arena, nicolae_shop_firing_range
D:10:     layout_basic, mainiacjoe_overflow_cross_hatched,
          nicolae_qazlal_general_emergency, minmay_lair_entry_grove,
          chequers_serial_rivers_micro_c, minmay_shop_grid_forest,
          hangedman_decor_growths, minmay_fractal_squares_gapless_7
D:11:     layout_roguey, elyvilon_altar_4
D:12:     minmay_goldmine, layout_rooms, orc_david_3, uniq_rupert
Temple:   hellmonk_temple_two_chambers

Skill      XL: |  1  2  3  4  5  6  7  8  9 10 11 |
---------------+----------------------------------+-----
Fighting       | 1 2 3 4 5 6 8 |  8.1
Earth Magic    | 3 4 5 6 7 |  7.2
Armour         | 1 2 3 4 5 6 7 |  7.1
Spellcasting   | 3 4 5 6 |  6.9
Conjurations   | 1 2 3 4 5 6 |  6.7
Transmutations | 1 3 |  3.0
Dodging        | 2 3 6 |  6.0
Stealth        | 2 3 |  3.0
Air Magic      | 1 3 |  3.0
Poison Magic   | 1 3 4 |  4.5
Fire Magic     | 1 3 |  3.0
Evocations     | 1 2 3 |  3.0
Shields        | 2 3 |  3.0

Action                   |  1- 3 |  4- 6 |  7- 9 | 10-12 || total
-------------------------+-------+-------+-------+-------++-------
Melee: Dagger            |    82 |    39 |    22 |    53 ||   196
 Cast: Sandblast         |    24 |    47 |    83 |    80 ||   234
       Stone Arrow       |       |     2 |    60 |   146 ||   208
       Mephitic Cloud    |       |       |     1 |    21 ||    22
       Ignite Poison     |       |       |       |     8 ||     8
       Static Discharge  |       |       |       |     3 ||     3
Evoke: Wand              |       |       |     4 |       ||     4
  Use: Scroll            |     5 |     6 |       |     6 ||    17
       Potion            |     6 |       |       |     4 ||    10
 Stab: Sleeping          |     6 |     1 |       |       ||     7
       Confused          |       |       |       |     1 ||     1
Armor: Robe              |     9 |       |       |       ||     9
       Ring mail         |    15 |    19 |    16 |       ||    50
       Leather armour    |       |       |     7 |    40 ||    47
       Acid dragon scale |       |       |       |     3 ||     3
Dodge: Dodged            |    60 |    21 |    63 |    65 ||   209
Block: Buckler           |       |       |       |    53 ||    53
